 Dungeon Crawl Stone Soup version 0.31.0-11-ge490571c62 (webtiles) character file.

Game seed: 15137735213064448820

7751 inmateoo the Grappler (level 11, -10/159 (160) HPs)
             Began as a Troll Fighter on Jan 26, 2024.
             Was a Priest of Cheibriados.
             Hit by a silver javelin thrown by a centaur warrior (12 damage)
             ... on level 9 of the Dungeon.
             The game lasted 00:10:23 (7170 turns).

inmateoo the Grappler (Troll Fighter)               Turns: 7170, Time: 00:10:24

HP:   -10/159 (160) AC: 25    Str: 34    XL:     11   Next: 0%
MP:   11/11         EV:  1    Int: 16    God:    Cheibriados [***...]
Gold: 257           SH: 15    Dex: 17    Spells: 4/12 levels left

rFire   . .          .
                       - Unarmed
rCold   . . .        g - +0 tower shield
rNeg    . . .        x - melded +0 steam dragon scales
rPois   +            D - melded +1 hat
rElec   .            d - melded +0 cloak
rCorr   .            (gloves unavailable)
SInv    +            (boots unavailable)
Will    +....        (no amulet)
Stlth   ++           b - ring of willpower
HPRegen 1.26/turn    p - ring of see invisible
MPRegen 0.12/turn

%: no passive effects
@: tree-form, lightly drained, very slow
A: stationary, stasis, torment immunity, boosted hp, large, unfitting armour,
(claws 3), regeneration 1, (shaggy fur 1), (tough skin 1)
a: Renounce Religion, Bend Time, Temporal Distortion


You were on level 9 of the Dungeon.
You worshipped Cheibriados.
Cheibriados was most pleased with you.
You were a tree.
You visited 2 branches of the dungeon, and saw 10 of its levels.
You also visited: Sewer.

You collected 355 gold pieces.
You spent 98 gold pieces at shops.

Inventory:

Hand Weapons
 h - a +1 broad axe of flaming
Missiles
 n - 6 boomerangs
Armour
 d - a +0 cloak (melded)
 g - a +0 tower shield (worn)
 x - +0 steam dragon scales (melded)
 D - a +1 hat (melded)
Jewellery
 b - a ring of willpower (left branch)
 p - a ring of see invisible (right branch)
 r - a ring of flight
 z - a ring of resist corrosion
Wands
 y - a wand of light (6) (quivered)
Scrolls
 i - 3 scrolls of fear
 j - a scroll of revelation
 l - a scroll of poison
 m - a scroll of blinking
 o - a scroll of butterflies
 B - a scroll of enchant armour
 E - a scroll of identify
Potions
 c - 2 potions of might
 e - 2 potions of curing
 f - 2 potions of enlightenment
 k - 5 potions of heal wounds
 q - a potion of mutation
 s - 3 potions of magic
 t - 2 potions of resistance
 u - a potion of brilliance
 v - a potion of invisibility {unknown}
 w - 4 potions of haste {unknown}
 A - a potion of degeneration {unknown}


   Skills:
 + Level 6.4 Fighting
 + Level 5.8 Throwing
 + Level 6.2 Dodging
 - Level 6.0 Shields
 * Level 10.2 Unarmed Combat
 + Level 1.0 Spellcasting
 + Level 1.2 Conjurations
 + Level 1.2 Translocations
 + Level 1.6 Earth Magic
 + Level 0.0 Invocations


You had 4 spell levels left.
You knew the following spells:

 Your Spells              Type           Power      Damage    Failure   Level
a - Blink                 Tloc           8%         N/A       54%         2
b - Bombard               Conj/Erth      2%         9d1       100%        6

Your spell library contained the following spells:

 Spells                   Type           Power      Damage    Failure   Level
 Magic Dart               Conj           16%        1d3       41%         1
 Kiss of Death            Conj/Necr      8%         2d6       50%         1
 Lesser Beckoning         Tloc           8%         N/A       54%         2
 Call Imp                 Summ           0%         N/A       73%         2
 Cigotuvi's Dreadful Rot  Necr/Alch/Air  0%         N/A       73%         2
 Gell's Gravitas          Tloc           4%         N/A       78%         3
 Teleport Other           Tloc           4%         N/A       78%         3
 Confusing Touch          Hex            0%         N/A       91%         3
 Animate Armour           Summ/Erth      6%         N/A       99%         4
 Dispel Undead            Necr           0%         3d6       100%        4
 Ignite Poison            Fire/Alch      0%         N/A       100%        4
 Summon Lightning Spire   Summ/Air       0%         N/A       100%        4
 Freezing Cloud           Conj/Ice/Air   1%         6-21      100%        5
 Iskenderun's Battlesphe  Conj           4%         2d6       100%        5
 Lee's Rapid Deconstruct  Erth           3%         3d5*      100%        5
 Spellforged Servitor     Conj/Summ      1%         N/A       100%        7


Dungeon Overview and Level Annotations

Branches:
Dungeon (9/15)             Temple (1/1) D:6            Lair (0/5) D:9
  Sewer (visited)
    Orc: D:9-12

Altars:
Ashenzari
Cheibriados
Dithmenos
Fedhas
Gozag
Hepliaklqana
Kikubaaqudgha
Makhleb
Nemelex Xobeh
Okawaru
Qazlal
Ru
Sif Muna
Trog
Uskayaw
Vehumet
Wu Jian
Xom
Yredelemnul
Zin
The Shining One

Shops:
D:3 *   D:5 :


Innate Abilities, Weirdness & Mutations

You are a tree.
Your roots penetrate the ground, keeping you stationary.
You cannot be teleported.
You are immune to unholy pain and torment.
Your maximum health is greatly increased.
Your equipment is partially melded.
You are too large for most types of armour.
((You have claws for hands.))
Your natural rate of healing is unusually fast.
((You are covered in fur. (AC +1)))
((You have tough skin. (AC +1)))


Message History

Aiming: Bolt of Light
Press: ? - help, Shift-Dir - straight line, f - centaur warrior, p - tengu warrior
Aim: a centaur warrior, wielding a +0 longbow, wearing a ring of wizardry and quivering silver javelins (79% to hit)
The bolt of light hits the centaur warrior!!
The centaur warrior is moderately wounded.
The centaur warrior is blinded.
The centaur warrior shoots an arrow.
You block the arrow.
You claw the tengu warrior!
The tengu warrior is moderately wounded.
The centaur warrior shoots an arrow.
The arrow hits you!!
* * * LOW HITPOINT WARNING * * *
You block the tengu warrior's attack.
The tengu warrior pecks you but does no damage.
The tengu warrior claws you but does no damage.
You are too injured to fight recklessly!
You turn into a tree.
Your +0 cloak melds into your body.
Your +1 hat melds into your body.
Your +0 steam dragon scales melds into your body.
Your roots penetrate the ground.
The tengu warrior is no longer blind.
The centaur warrior shoots an arrow.
You block the arrow. The tengu warrior slips past you!
The tengu warrior hits you but does no damage.
You block the tengu warrior's attack. x2; The centaur warrior shoots an arrow.
You block the arrow.
You completely miss the tengu warrior.
The tengu warrior is moderately wounded.
The centaur warrior shoots an arrow.
You block the arrow.
The tengu warrior hits you with a +0 great sword of freezing!
* * * LOW HITPOINT WARNING * * *
The tengu warrior freezes you.
* * * LOW HITPOINT WARNING * * *
The tengu warrior pecks you but does no damage.
You block the tengu warrior's attack.
You pummel the tengu warrior!!
The tengu warrior is severely wounded.
The centaur warrior throws a silver javelin.
The silver javelin pierces through you!
* * * LOW HITPOINT WARNING * * *
The silver sears you!
You die...

..........#....#....##..
..........#....#....##.# #
..........#.<..#....##.#)#.##
..........#....#....#(.)....#
...>......######....'.##.8.##
....................#.# .....
....................#.# .#.#
....................#.. # #
................♣...####
...............Q....##
..............)......#
.....................#
...####'#####.......c#
...#........#.#####..##
##.#........#.# #...#
#.#........#.# #...##
#.###'######.# #....##


You could see a tengu warrior and a centaur warrior (blind, unable to see you).

Vanquished Creatures
  A two-headed ogre (D:7)
  A cyclops (D:9)
  A manticore (D:9)
  Maurice (D:8)
  A gargoyle (D:6)
  Maggie (D:8)
  An efreet (D:9)
  A hornet (D:9)
  2 wraiths
  A wyvern (D:9)
  4 yaks (D:8)
  Grum (D:8)
  2 steam dragons
  A vampire mosquito (D:9)
  Edmund (D:4)
  A water moccasin (D:5)
  A black bear (D:5)
  An orc warrior (D:9)
  4 centaurs
  An ogre (D:6)
  2 wolves (D:8)
  A phantom (D:5)
  4 bullfrogs
  5 kobold brigands
  2 scorpions
  A wight (D:9)
  11 killer bees
  3 howler monkeys
  An electric eel (D:7)
  2 lava snakes (D:7)
  3 jellies
  4 hounds
  2 orc priests
  2 gnoll boudas
  2 sleepcaps
  5 iguanas
  4 orc wizards
  Robin (D:2)
  12 gnolls
  13 adders
  2 shadow imps
  2 white imps
  4 ufetubi
  A dart slug (D:4)
  A ribbon worm (D:2)
  22 orcs
  7 bats
  7 endoplasms
  8 giant cockroaches
  11 goblins
  8 hobgoblins
  8 jackals (D:4)
  18 kobolds
  5 quokkas
  5 ball pythons
  5 frilled lizards
  4 rats
226 creatures vanquished.

Vanquished Creatures (others)
  A slime creature (D:9)
  2 kobolds (D:7)
3 creatures vanquished.

Grand Total: 229 creatures vanquished

Notes
Turn   | Place    | Note
-------+----------+-------------------------------------------
     0 | D:1      | inmateoo the Troll Fighter began the quest for the Orb.
     0 | D:1      | Reached XP level 1. HP: 22/22 MP: 0/0
   180 | D:1      | Reached XP level 2. HP: 29/29 MP: 1/1
   788 | D:2      | Reached XP level 3. HP: 36/36 MP: 2/2
   871 | D:2      | Noticed Robin
   888 | D:2      | Killed Robin
  1093 | D:2      | Reached skill level 3 in Unarmed Combat
  1136 | D:2      | Reached XP level 4. HP: 18/44 MP: 3/3
  1172 | D:2      | Found a faded altar of an unknown god.
  1176 | D:2      | Found a broken altar of Ashenzari.
  1456 | D:3      | Reached XP level 5. HP: 40/53 MP: 4/4
  1633 | D:3      | Found Aghuewim's General Store.
  1638 | D:3      | Bought a potion of heal wounds for 70 gold pieces
  1638 | D:3      | Bought a scroll of identify for 28 gold pieces
  2121 | D:4      | Reached skill level 4 in Unarmed Combat
  2302 | D:4      | Found a basalt altar of Yredelemnul.
  2317 | D:4      | Reached XP level 6. HP: 61/61 MP: 5/5
  2458 | D:4      | Noticed Edmund
  2471 | D:4      | Killed Edmund
  2628 | D:4      | Reached skill level 1 in Throwing
  2856 | D:5      | Entered Level 5 of the Dungeon
  2953 | D:5      | Found Xyargha's Book Boutique.
  2957 | D:5      | Reached XP level 7. HP: 44/67 MP: 6/6
  2963 | D:5      | Reached skill level 5 in Unarmed Combat
  3362 | D:5      | Found an opulent altar of Gozag.
  3759 | D:6      | Noticed a gargoyle
  3763 | D:6      | Reached XP level 8. HP: 78/78 MP: 7/7
  3770 | D:6      | Killed a gargoyle
  3771 | D:6      | Reached skill level 6 in Unarmed Combat
  3788 | D:6      | Found a glowing drain.
  3830 | Sewer    | Entered a sewer
  3952 | Sewer    | Reached skill level 5 in Shields
  3958 | Sewer    | Reached skill level 7 in Unarmed Combat
  4132 | D:6      | Found a bloodstained altar of Trog.
  4156 | D:6      | Found an iron altar of Okawaru.
  4189 | D:6      | Found a staircase to the Ecumenical Temple.
  4210 | Temple   | Entered the Ecumenical Temple
  4225 | Temple   | Became a worshipper of Cheibriados the Contemplative
  4295 | D:6      | Reached XP level 9. HP: 54/87 MP: 8/8
  4354 | D:6      | Found a burning altar of Makhleb.
  4947 | D:7      | Reached * piety under Cheibriados
  4958 | D:7      | Reached skill level 5 in Fighting
  5308 | D:7      | Noticed a two-headed ogre
  5319 | D:7      | Killed a two-headed ogre
  5320 | D:7      | Reached skill level 5 in Dodging
  5320 | D:7      | Reached skill level 8 in Unarmed Combat
  5725 | D:8      | Noticed Grum
  5726 | D:8      | Noticed Maggie
  5737 | D:8      | Reached ** piety under Cheibriados
  5747 | D:8      | Killed Grum
  5756 | D:8      | Reached XP level 10. HP: 86/97 MP: 9/9
  5773 | D:8      | Killed Maggie
  5774 | D:8      | Reached skill level 9 in Unarmed Combat
  5869 | D:8      | Reached skill level 5 in Throwing
  5926 | D:8      | Noticed Maurice
  5932 | D:8      | Maurice stole a ring of resist corrosion
  5960 | D:8      | Killed Maurice
  6076 | D:8      | Reached *** piety under Cheibriados
  6395 | D:8      | Learned a level 2 spell: Blink
  6402 | D:8      | Learned a level 6 spell: Bombard
  6410 | D:9      | Paralysed by a hornet for 2 turns
  6559 | D:9      | Noticed a cyclops
  6562 | D:9      | Noticed a tengu warrior
  6565 | D:9      | Noticed a centaur warrior
  6578 | D:9      | Killed a cyclops
  6579 | D:9      | Reached skill level 10 in Unarmed Combat
  6579 | D:9      | Reached skill level 1 in Translocations
  6579 | D:9      | Reached skill level 1 in Earth Magic
  6730 | D:9      | Noticed a centaur warrior
  6730 | D:9      | Noticed a centaur warrior
  6806 | D:9      | Reached skill level 1 in Conjurations
  6987 | D:9      | Found a staircase to the Lair.
  7024 | D:9      | Noticed a manticore
  7035 | D:9      | Killed a manticore
  7036 | D:9      | Reached skill level 1 in Spellcasting
  7103 | D:9      | Reached XP level 11. HP: 102/107 MP: 11/11
  7170 | D:9      | HP: 2/159 [centaur warrior/silver javelin (16)]
  7170 | D:9      | Hit by a silver javelin thrown by a centaur warrior

Illustrated notes

Levels and vault maps discovered:
D:1:      roadster_arrival_rocket_large, layout_loops_cross, st_stairs_13
D:2:      layout_loops_ring, ebering_ecumenical_altar_mist, basic_altar,
          uniq_robin
D:3:      layout_loops_ring, serial_shops, nicolae_shop_hallway_stairs,
          kennysheep_generic_room_13
D:4:      wander_river, layout_loops_ring, lemuel_doored_altar, uniq_edmund
D:5:      layout_cave_pods, nicolae_gozag_seed_capital, serial_shops,
          nicolae_square_shop
D:6:      layout_basic, mainiacjoe_overflow_paths, okawaru_gym_becter,
          bloody_makhleb, minmay_temple_entry_proselytizer,
          gup_sewer_entry_glass
D:7:      layout_cave_pods, st_stairs_3, nicolae_lava_and_water, uniq_jeremiah
D:8:      layout_rooms, moated_statue, uniq_grum, uniq_maggie, uniq_maurice
D:9:      minmay_the_grid_plus_closed [minmay_the_grid_outer_diamond,
          minmay_the_grid_aliased_spiral, minmay_the_grid_small_cups,
          minmay_the_grid_empty, minmay_the_grid_prize_four_corners],
          layout_irregular_city, lair_entry_dummy,
          gammafunk_ghost_berserking_beasts
Temple:   nicolae_temple_bog_church

Skill      XL: |  1  2  3  4  5  6  7  8  9 10 |
---------------+-------------------------------+-----
Shields        | 3 4 5 6 |  6.0
Unarmed Combat | 3 4 5 7 8 10 | 10.2
Dodging        | 3 4 5 6 |  6.2
Fighting       | 3 4 5 6 |  6.4
Throwing       | 1 2 3 4 5 |  5.8
Translocations | 1 |  1.2
Earth Magic    | 1 |  1.6
Conjurations   | 1 |  1.2
Spellcasting   | 1 |  1.0

Action                     |  1- 3 |  4- 6 |  7- 9 | 10-12 || total
---------------------------+-------+-------+-------+-------++-------
  Melee: Unarmed           |   100 |   174 |   287 |   169 ||   730
  Throw: Boomerang         |       |       |    16 |     8 ||    24
         Large rock        |       |       |       |     3 ||     3
  Evoke: Wand              |       |       |       |     4 ||     4
    Use: Scroll            |     2 |     9 |     3 |     6 ||    20
         Potion            |       |       |       |     1 ||     1
   Stab: Sleeping          |       |       |     1 |     1 ||     2
         Invisible         |       |       |       |     1 ||     1
 Armour: Robe              |    62 |    96 |   177 |     7 ||   342
         Steam dragon scal |       |       |       |   108 ||   108
         Skin              |       |       |       |     4 ||     4
  Dodge: Dodged            |    33 |    49 |   109 |    49 ||   240
  Block: Kite shield       |    22 |       |       |       ||    22
         Tower shield      |    26 |   109 |   260 |   163 ||   558
